 Dungeon Crawl Stone Soup version 0.26.0-10-g1f06aea511 (webtiles) character file.

Game seed: 9905043448984907341

94 Dracia the Poker (level 4, -2/33 HPs)
             Began as a Merfolk Gladiator on Jan 22, 2021.
             Slain by an orc
             ... wielding a +0 mace
              (4 damage)
             ... on level 3 of the Dungeon.
             The game lasted 00:03:44 (1898 turns).

Dracia the Poker (Merfolk Gladiator)                Turns: 1898, Time: 00:03:44

Health: -2/33      AC:  4    Str: 15    XL:     4   Next: 63%
Magic:  0/4        EV: 14    Int:  7    God:
Gold:   70         SH:  0    Dex: 15    Spells: 3/3 levels left

rFire    . . .     SeeInvis .   a - +3 trident
rCold    . . .     Faith    .   (no shield)
rNeg     . . .     Spirit   +   b - +0 leather armour
rPois    .         Reflect  .   c - +0 helmet
rElec    .         Harm     .   (no cloak)
rCorr    .         Rampage  .   (no gloves)
Will     .....                  (no boots)
Stlth    +.........             G - amulet of guardian spirit
HPRegen  0.11/turn              (no ring)
MPRegen  0.09/turn              (no ring)

@: slowed, very slow
A: change form in water, swift swim, stealthy swim
a: no special abilities


You were on level 3 of the Dungeon.
You visited 1 branch of the dungeon, and saw 3 of its levels.

You collected 70 gold pieces.


   Skills:
 - Level 2.1 Fighting
 + Level 7.6 Polearms
 - Level 2.0 Throwing
 - Level 4.0 Dodging


You had 3 spell levels left.
You didn't know any spells.
Your spell library was empty.

Inventory:

Hand Weapons
 a - a +3 trident (weapon)
Missiles
 d - 3 throwing nets (quivered) {=f=f}
Armour
 b - a +0 leather armour (worn)
 c - a +0 helmet (worn)
Jewellery
 G - an amulet of guardian spirit (around neck)
Scrolls
 e - a scroll of amnesia
 i - 3 scrolls of teleportation {@r4@r4}
 j - a scroll of remove curse {@r2@r2}
 n - a scroll of identify {@r1@r1}
Potions
 f - a potion of cancellation {unknown}
 g - 2 potions of curing {@q1@q1}
 k - a potion of magic {unknown}
 m - a potion of haste {unknown}

Dungeon Overview and Level Annotations

Branches:
Dungeon (3/15)

Altars:
Gozag

Annotations:
D:3 3 runed translucent doors, night's ghost, amateur MfEE

#..#...#...+.##..###.
..#.!(....+.o.......
.#.$.#...+o[ooo..?.
#..#.#w.#o########
#...5SW.#.#
#.#########o######
#........oo........
######o##.#.###....
#@##.#.# ## #)##.#.#
#.....$. #####..# ..#
..#


You could see a worm, a quasit, night's ghost, an orc and a ball python.


Message History

The orc wizard hits you but does no damage.
The orc hits you with a +0 mace!
* * * LOW HITPOINT WARNING * * *
You hit the orc wizard.
The orc wizard is severely wounded.
The orc wizard hits you but does no damage.
The orc barely misses you. The orc wizard misses you.
Unknown command.
You hit the orc wizard.
The orc wizard is almost dead.
The orc barely misses you. The orc wizard closely misses you.
Unknown command.
It was a potion of curing.
You feel better. The orc closely misses you. The orc wizard misses you.
The orc hits you with a +0 mace.
* * * LOW HITPOINT WARNING * * *
The orc wizard gestures at you while chanting.
The magic dart hits you!
* * * LOW HITPOINT WARNING * * *
Unknown command.
You barely miss the orc wizard.
The orc wizard is almost dead.
The orc wizard casts a spell at you. The magic dart hits you.
* * * LOW HITPOINT WARNING * * *
The orc closely misses you.
Unknown command.
You puncture the orc wizard!
You kill the orc wizard!
The orc hits you with a +0 mace.
You die...

Skill      XL: |  1  2  3  4 |
---------------+-------------+-----
Polearms       | 5 6 7 |  7.6
Fighting       | |  2.1
Throwing       | |  2.0
Dodging        | |  4.0

Action                   |  1- 3 |  4- 6 || total
-------------------------+-------+-------++-------
Melee: Trident           |    98 |    40 ||   138
  Use: Scroll            |     5 |     4 ||     9
       Potion            |       |     1 ||     1
 Stab: Sleeping          |     1 |       ||     1
Armor: Leather armour    |    13 |     7 ||    20
Dodge: Dodged            |    46 |    22 ||    68

Levels and vault maps discovered:
D:1:      minmay_arrival_nine_rooms, layout_loops_cross
D:2:      layout_basic, chequers_ecumenical_altar_lobes, grunt_decor_one_mirror,
          nicolae_gozag_seed_capital
D:3:      layout_loops_ring, gammafunk_ghost_split

Notes
Turn   | Place    | Note
-------+----------+-------------------------------------------
     0 | D:1      | Dracia the Merfolk Gladiator began the quest for the Orb.
     0 | D:1      | Reached XP level 1. HP: 16/16 MP: 1/1
   201 | D:1      | Reached skill level 5 in Polearms
   205 | D:1      | Reached XP level 2. HP: 22/22 MP: 2/2
   550 | D:1      | Reached skill level 6 in Polearms
   550 | D:1      | Reached XP level 3. HP: 26/27 MP: 3/3
   974 | D:2      | Found an opulent altar of Gozag.
  1062 | D:2      | Reached XP level 4. HP: 31/33 MP: 4/4
  1347 | D:2      | Reached skill level 7 in Polearms
  1394 | D:2      | Found a faded altar of an unknown god.
  1743 | D:3      | Found a runed translucent gate.
  1744 | D:3      | Found a runed translucent gate.
  1744 | D:3      | Found a runed translucent gate.
  1744 | D:3      | Noticed night's ghost (amateur MfEE)
  1897 | D:3      | HP: 2/33 [orc wizard/magic dart (4)]
  1898 | D:3      | Slain by an orc

Vanquished Creatures
  An orc wizard (D:3)
  An orc priest (D:3)
  2 adders (D:2)
  2 dart slugs
  2 orcs (D:3)
  3 giant cockroaches
  6 goblins
  7 hobgoblins (D:1)
  4 kobolds
  A quokka (D:2)
  4 bats
  2 frilled lizards
  7 rats
42 creatures vanquished.

Table legend: (Time is in decaauts)
 A = Elapsed time spent in this place.
 B = Non-inter-level travel time spent in this place.
 C = Inter-level travel time spent in this place.
 D = Time resting spent in this place.
 E = Time spent auto-exploring this place.
 F = Levels seen in this place.
 G = Mean time per level.
                   A        B        C        D        E       F      G
               +--------+--------+--------+--------+--------+-----+--------+
         Total |   1901 |   1889 |     12 |     98 |   1531 |   3 |  633.7 |
       Dungeon |   1901 |   1889 |     12 |     98 |   1531 |   3 |  633.7 |
               +--------+--------+--------+--------+--------+-----+--------+

Top non-repeatable levels by time:
     D:2: 1175 daAuts
     D:1: 669 daAuts
     D:3: 55 daAuts

Table legend:
 A = Non-vault XP
 B = Vault XP
 C = Vault XP percentage of total XP
 D = Non-vault monster count
 E = Vault monster count
 F = Vault count percentage of total count
                 A         B        C        D         E       F
            +---------+---------+-------+---------+---------+-------
      Total |     177 |       0 |   0.0 |      42 |       0 |   0.0
            +---------+---------+-------+---------+---------+-------
        D:1 |      44 |       0 |   0.0 |      26 |       0 |   0.0
        D:2 |      44 |       0 |   0.0 |      12 |       0 |   0.0
        D:3 |      89 |       0 |   0.0 |       4 |       0 |   0.0
            +---------+---------+-------+---------+---------+-------
